 Dungeon Crawl Stone Soup version 0.30-a0-222-ge547ba4400 (webtiles) character file.

Game seed: 18161253395893713648

12015 qw the Cleaver (level 11, -12/71 HPs)
             Began as a Gargoyle Fighter on Oct 8, 2022.
             Was the Champion of Okawaru.
             Mangled by an ice devil (23 damage)
             ... on level 13 of the Dungeon.
             The game lasted 00:03:59 (8894 turns).

qw the Cleaver (Gargoyle Fighter)                   Turns: 8894, Time: 00:03:59

Health: -12/71     AC: 22    Str: 34    XL:     11   Next: 86%
Magic:  13/18      EV: 11    Int:  7    God:    Okawaru [******]
Gold:   274        SH: 10    Dex: 13    Spells: 10/10 levels left

rFire   . . .      SeeInvis .    Y - +4 war axe
rCold   . . .      Faith    .    c - +0 buckler
rNeg    + . .      Spirit   .    o - +3 scale mail "Giruph" {rElec Int+4 Slay+3}
rPois   inf        Reflect  +    h - +1 hat "Jinwim" {rPois Str+5 Int-5 Stlth+}
rElec   +          Harm     .    (no cloak)
rCorr   .          Rampage  .    l - +2 pair of gloves {Stlth+}
Will    .....                    (no boots)
Stlth   ++........               e - amulet of reflection
HPRegen 0.31/turn                k - +4 ring of protection
MPRegen 0.16/turn                a - +6 ring of strength

@: finesse-ful, corroded
A: sickness immunity, AC +8, negative energy resistance 1, electricity
resistance, torment resistance 1, petrification resistance, iridescent scales 2,
agile 1
a: Renounce Religion, Heroism, Finesse, Duel


You were on level 13 of the Dungeon.
You worshipped Okawaru.
Okawaru was exalted by your worship.
You visited 2 branches of the dungeon, and saw 12 of its levels.
You also visited: Sewer.

You collected 496 gold pieces.
You spent 222 gold pieces at shops.


Innate Abilities, Weirdness & Mutations

You are immune to sickness and miasma.
Your stone body is resilient. (AC +8)
You are immune to poison.
You resist negative energy. (rN+)
You are resistant to electric shocks. (rElec)
You are resistant to unholy torment.
You are immune to petrification.
You are mostly covered in iridescent scales. (AC +4)
You are agile. (Dex +4, Str/Int -1)


   Skills:
 - Level 9.0 Fighting
 + Level 11.4 Axes
 - Level 4.1 Throwing
 - Level 4.1 Armour
 - Level 3.0 Dodging
 - Level 5.1 Shields
 - Level 10.0 Invocations


You had 10 spell levels left.
You didn't know any spells.
Your spell library was empty.

Inventory:

Hand Weapons
 p - a +2 hand axe of flaming
 Y - a +4 war axe (weapon)
Missiles
 b - 2 javelins (quivered)
 t - 4 boomerangs
Armour
 c - a +0 buckler (worn)
 h - the +1 hat "Jinwim" (worn) {rPois Str+5 Int-5 Stlth+}
   (You acquired it on level 6 of the Dungeon)

   Str:       It affects your strength (+5).
   Int:       It affects your intelligence (-5).
   rPois:     It protects you from poison.
   Stlth:     It makes you more stealthy.
 l - a +2 pair of gloves of stealth (worn)
 o - the +3 scale mail "Giruph" (worn) {rElec Int+4 Slay+3}
   (You found it on level 7 of the Dungeon)

   Int:       It affects your intelligence (+4).
   Slay:      It affects your accuracy & damage with ranged weapons and melee
   (+3).
   rElec:     It insulates you from electricity.
 r - a +0 plate armour
Jewellery
 a - a +6 ring of strength (right hand)
 e - an amulet of reflection (around neck)
 k - a +4 ring of protection (left hand)
Scrolls
 g - 8 scrolls of identify
 s - a scroll of enchant armour
Potions
 d - a potion of might
 f - 2 potions of mutation
 i - a potion of cancellation
 j - a potion of resistance
 m - 2 potions of heal wounds
 n - a potion of lignification
 q - a potion of magic
 u - 2 potions of curing

Dungeon Overview and Level Annotations

Branches:
Dungeon (10/15)            Temple (1/1) D:4           Sewer (visited)
   Lair: D:8-11         Orc: D:9-12

Altars:
Ashenzari
Cheibriados
Elyvilon
Fedhas
Gozag
Hepliaklqana
Kikubaaqudgha
Makhleb
Nemelex Xobeh
Okawaru
Qazlal
Ru
Sif Muna
Trog
Uskayaw
Vehumet
Wu Jian
Xom
Yredelemnul
Zin
The Shining One

Shops:
D:6 (   D:9 *

Annotations:
D:13 Maurice


Message History

The green ugly thing is heavily wounded.
You hit the rust devil but do no damage.
You slash the ice devil!
A centaur comes into view.
You hear a zap.
A puff of flame appears from out of thin air!
The puff of flame hits you but does no damage.
You hit the green ugly thing.
The green ugly thing is severely wounded.
You hit the rust devil. You closely miss the ice devil.
The green ugly thing tentacle-slaps you but does no damage.
You block the ice devil's attack. The rust devil barely misses you.
An ice devil comes into view.
You slash the green ugly thing!
The green ugly thing is severely wounded.
You hit the rust devil. You closely miss the ice devil.
You slice the green ugly thing!!
You kill the green ugly thing!
Okawaru is honoured by your kill.
You hit the rust devil. You slash the ice devil!
You barely miss the rust devil.
The rust devil is severely wounded.
You closely miss the ice devil. The rust devil hits you.
The rust devil corrodes you! The ice devil completely misses you.
You slice the rust devil!!
You kill the rust devil!
Okawaru accepts your kill.
You hit the ice devil but do no damage.
You hear some strange, mumbled words.
Your Invocations skill increases to level 10!
You hit the ice devil.
The ice devil is severely wounded.
You hit the centaur warrior. You completely miss the ice devil.
The ice devil is severely wounded.
You slash the centaur! You hit the centaur warrior.
You feel like a meek peon again. The ice devil hits you!
The ice devil freezes you!!
You die...

#....... #....
##..{.... #...(.
#.......##......
........#.......
#.......#.......
##.....ยค#......
........'..#
#.4@[..##### ###
#.cc#......## #...
##cc#.......####....
....#........##.....
..3..##.......##.....
.4......##......##.....
.4...... ##.....##.....
..}..... ##..........#
##........##


You could see a soul eater, a centaur warrior, a hellwing, an ice devil and 3
centaurs.

Vanquished Creatures
  Azrael (D:13)
  Josephine (D:10)
  3 two-headed ogres
  2 sixfirhies (D:13)
  An ugly thing (D:13)
  A manticore (D:9)
  A rust devil (D:13)
  An ice devil (D:13)
  2 trolls
  A shadow (D:9)
  6 wraiths
  5 fire elementals (D:13)
  4 yaks (D:10)
  A steam dragon (D:10)
  2 hell hounds (D:13)
  A water moccasin (D:7)
  3 orc warriors
  A black bear (D:4)
  2 ice beasts
  An ogre (D:6)
  3 centaurs
  2 kobold brigands
  2 phantoms
  4 bullfrogs
  A scorpion (D:5)
  2 necrophages
  8 wights (D:6)
  A howler monkey (D:9)
  5 electric eels (D:10)
  6 hounds
  3 jellies
  4 orc priests
  2 gnoll boudas (D:6)
  10 orc wizards
  3 iguanas
  8 gnolls (D:6)
  2 adders
  A shadow imp (D:5)
  2 worms
  2 dart slugs
  30 orcs
  16 ball pythons
  24 endoplasms
  11 giant cockroaches
  5 hobgoblins
  9 quokkas
  A bat (D:1)
  7 frilled lizards
  6 goblins
  16 kobolds
  11 rats
247 creatures vanquished.

Vanquished Creatures (others)
  An orc (D:10)
  5 plants
6 creatures vanquished.

Grand Total: 253 creatures vanquished

Notes
Turn   | Place    | Note
-------+----------+-------------------------------------------
     0 | D:1      | qw the Gargoyle Fighter began the quest for the Orb.
     0 | D:1      | Reached XP level 1. HP: 14/14 MP: 1/1
     0 | D:1      | 0 ||| qw: Version: 0.2-a-17-g06abaee
     0 | D:1      | 0 ||| qw: Game counter: 2019
     0 | D:1      | 0 ||| qw: Always use a shield: true
     0 | D:1      | 0 ||| qw: God list: Okawaru
     0 | D:1      | 0 ||| qw: Allow faded altars: false
     0 | D:1      | 0 ||| qw: Do Orc after D:15 true
     0 | D:1      | 0 ||| qw: Do second Lair branch before Depths: true
     0 | D:1      | 0 ||| qw: Lair rune preference: random
     0 | D:1      | 0 ||| qw: Plans: Normal, Zot:1-4, God:TSO, Crypt, Tomb,
                  | Pan, Slime:5, Hells, Abyss, Orb
     0 | D:1      | 0 ||| PLANNING D:1-11
    63 | D:1      | Reached skill level 2 in Axes
   107 | D:1      | Reached XP level 2. HP: 19/19 MP: 2/2
   526 | D:1      | 526 ||| Stepping ~*~*~tactically~*~*~ (water).
   609 | D:1      | Reached skill level 3 in Axes
   673 | D:1      | 673 ||| UPGRADING to +0 pair of gloves.
   678 | D:1      | 678 ||| READING scroll labelled PIDAJE SOTAUSK.
   679 | D:1      | 679 ||| READING 2 scrolls labelled ILOXEV XEUTOK.
   773 | D:2      | Reached XP level 3. HP: 23/23 MP: 3/3
  1024 | D:2      | Found a faded altar of an unknown god.
  1213 | D:2      | 1213 ||| READING scroll of enchant armour.
  1213 | D:2      | 1213 ||| ENCHANTING +0 pair of gloves.
  1708 | D:2      | 1708 ||| UPGRADING to amulet of the acrobat.
  1713 | D:2      | 1713 ||| READING scroll labelled ZURUIFYAPN.
  1714 | D:2      | 1714 ||| READING scroll labelled EGUONUNUCLY.
  1715 | D:2      | 1715 ||| READING scroll labelled AKAP CALARROHUDU.
  1716 | D:2      | 1716 ||| READING scroll labelled GUSENIESTROIM.
  1717 | D:2      | 1717 ||| READING scroll labelled HEFEODOISE.
  1718 | D:2      | 1718 ||| DRINKING 2 brown potions.
  2207 | D:3      | Reached XP level 4. HP: 28/28 MP: 4/4
  2243 | D:3      | Found a blossoming altar of Fedhas.
  2314 | D:3      | 2314 ||| DROPPING +1 pair of gloves.
  2315 | D:3      | 2315 ||| UPGRADING to amulet of reflection.
  2325 | D:3      | 2325 ||| DROPPING amulet of the acrobat.
  2326 | D:3      | 2326 ||| UPGRADING to +4 ring of protection.
  2327 | D:3      | 2327 ||| READING scroll labelled WYOTY VOASE.
  2328 | D:3      | 2328 ||| DRINKING 2 golden potions.
  2329 | D:3      | 2329 ||| READING 9 scrolls of identify.
  2329 | D:3      | 2329 ||| IDENTIFYING green potion
  2330 | D:3      | 2330 ||| DROPPING potion of flight.
  2490 | D:4      | 2490 ||| Stepping ~*~*~tactically~*~*~ (hiding).
  2662 | D:4      | Found a shimmering blue altar of Sif Muna.
  2681 | D:4      | Reached skill level 4 in Axes
  2789 | D:4      | Found a staircase to the Ecumenical Temple.
  2790 | D:4      | 2790 ||| PLANNING TEMPLE
  2790 | D:4      | 2790 ||| FLEEEEING.
  2791 | D:4      | 2791 ||| FLEEEEING.
  2792 | D:4      | 2792 ||| FLEEEEING.
  2793 | D:4      | 2793 ||| FLEEEEING.
  2794 | D:4      | 2794 ||| FLEEEEING.
  2795 | D:4      | 2795 ||| FLEEEEING.
  2796 | D:4      | 2796 ||| FLEEEEING.
  2797 | D:4      | 2797 ||| FLEEEEING.
  2798 | D:4      | 2798 ||| FLEEEEING.
  2802 | D:4      | 2802 ||| FLEEEEING.
  2803 | D:4      | 2803 ||| FLEEEEING.
  2804 | D:4      | 2804 ||| FLEEEEING.
  2805 | D:4      | 2805 ||| FLEEEEING.
  2806 | D:4      | 2806 ||| FLEEEEING.
  2807 | D:4      | 2807 ||| FLEEEEING.
  2811 | D:4      | 2811 ||| FLEEEEING.
  2812 | D:4      | 2812 ||| FLEEEEING.
  2813 | D:4      | 2813 ||| FLEEEEING.
  2818 | D:4      | 2818 ||| FLEEEEING.
  2819 | D:4      | 2819 ||| FLEEEEING.
  2820 | D:4      | 2820 ||| FLEEEEING.
  2821 | D:4      | 2821 ||| FLEEEEING.
  2822 | D:4      | 2822 ||| FLEEEEING.
  2823 | D:4      | 2823 ||| FLEEEEING.
  2824 | D:4      | 2824 ||| FLEEEEING.
  2825 | D:4      | 2825 ||| FLEEEEING.
  2826 | D:4      | 2826 ||| FLEEEEING.
  2831 | D:4      | 2831 ||| FLEEEEING.
  2833 | D:4      | 2833 ||| FLEEEEING.
  2834 | D:4      | 2834 ||| FLEEEEING.
  2837 | D:4      | 2837 ||| FLEEEEING.
  2838 | D:4      | 2838 ||| FLEEEEING.
  2839 | D:4      | 2839 ||| FLEEEEING.
  2840 | D:4      | 2840 ||| FLEEEEING.
  2843 | D:4      | 2843 ||| FLEEEEING.
  2844 | D:4      | 2844 ||| STAIRDANCE
  2846 | D:3      | 2846 ||| READING 4 scrolls labelled XIRUFA VUCYNT.
  2847 | D:3      | 2847 ||| DROPPING 3 scrolls of fear.
  2851 | D:4      | 2851 ||| STAIRDANCE
  2871 | D:4      | 2871 ||| FLEEEEING.
  2883 | D:4      | 2883 ||| FLEEEEING.
  2884 | D:4      | 2884 ||| FLEEEEING.
  2885 | D:4      | 2885 ||| FLEEEEING.
  2886 | D:4      | 2886 ||| STAIRDANCE
  2893 | D:4      | 2893 ||| STAIRDANCE
  2922 | Temple   | Entered the Ecumenical Temple
  2923 | Temple   | 2923 ||| PLANNING OKAWARU WORSHIP
  2975 | Temple   | Became a worshipper of Warmaster Okawaru
  2976 | Temple   | 2976 ||| PLANNING D:1-11
  3004 | D:4      | Noticed a black bear
  3017 | D:4      | Killed a black bear
  3018 | D:4      | Reached skill level 5 in Axes
  3018 | D:4      | Reached XP level 5. HP: 32/32 MP: 5/5
  3085 | D:4      | Reached XP level 6. HP: 38/38 MP: 6/6
  3291 | D:5      | Entered Level 5 of the Dungeon
  3292 | D:5      | 3292 ||| PLANNING SEWER
  3293 | D:5      | 3293 ||| DRINKING potion of curing.
  3293 | D:5      | 3293 ||| (to cure confusion)
  3305 | D:5      | Reached * piety under Okawaru
  3306 | D:5      | Reached skill level 1 in Dodging
  3306 | D:5      | 3306 ||| INVOKING Heroism.
  3363 | D:5      | Reached skill level 1 in Invocations
  3409 | D:5      | Reached XP level 7. HP: 43/43 MP: 6/8
  3437 | D:5      | Found a stormy altar of Qazlal.
  3516 | D:5      | 3516 ||| Stepping ~*~*~tactically~*~*~ (hiding).
  3521 | D:5      | 3521 ||| INVOKING Heroism.
  3611 | D:5      | 3611 ||| INVOKING Heroism.
  3748 | D:5      | Reached skill level 6 in Axes
  3748 | D:5      | Reached skill level 3 in Invocations
  3759 | D:5      | Reached ** piety under Okawaru
  3902 | D:5      | Found a glowing drain.
  3912 | D:5      | 3912 ||| UPGRADING to +2 pair of gloves of stealth.
  3922 | D:5      | 3922 ||| DROPPING +1 pair of gloves.
  3923 | D:5      | 3923 ||| DRINKING 2 glowing white potions.
  3924 | D:5      | 3924 ||| READING 10 scrolls of identify.
  3924 | D:5      | 3924 ||| IDENTIFYING amethyst potion
  3925 | D:5      | 3925 ||| READING 9 scrolls of identify.
  3925 | D:5      | 3925 ||| IDENTIFYING fizzy orange potion
  3926 | D:5      | 3926 ||| DROPPING potion of ambrosia.
  3931 | Sewer    | Entered a sewer
  3988 | Sewer    | 3988 ||| Stepping ~*~*~tactically~*~*~ (stealth).
  4034 | Sewer    | 4034 ||| Stepping ~*~*~tactically~*~*~ (water).
  4070 | Sewer    | 4070 ||| Stepping ~*~*~tactically~*~*~ (stealth).
  4072 | Sewer    | 4072 ||| Stepping ~*~*~tactically~*~*~ (stealth).
  4082 | Sewer    | 4082 ||| Stepping ~*~*~tactically~*~*~ (stealth).
  4083 | Sewer    | 4083 ||| INVOKING Heroism.
  4098 | Sewer    | 4098 ||| Stepping ~*~*~tactically~*~*~ (stealth).
  4100 | Sewer    | 4100 ||| Stepping ~*~*~tactically~*~*~ (stealth).
  4101 | Sewer    | 4101 ||| Stepping ~*~*~tactically~*~*~ (stealth).
  4131 | Sewer    | 4131 ||| Stepping ~*~*~tactically~*~*~ (stealth).
  4132 | Sewer    | 4132 ||| Stepping ~*~*~tactically~*~*~ (stealth).
  4133 | Sewer    | 4133 ||| Stepping ~*~*~tactically~*~*~ (stealth).
  4137 | Sewer    | 4137 ||| Stepping ~*~*~tactically~*~*~ (stealth).
  4138 | Sewer    | 4138 ||| INVOKING Heroism.
  4151 | Sewer    | 4151 ||| Stepping ~*~*~tactically~*~*~ (stealth).
  4187 | Sewer    | Found a viscous altar of Jiyva.
  4189 | Sewer    | 4189 ||| Stepping ~*~*~tactically~*~*~ (stealth).
  4245 | Sewer    | 4245 ||| INVOKING Heroism.
  4292 | Sewer    | 4292 ||| DRINKING 2 sedimented ruby potions.
  4293 | Sewer    | 4293 ||| DRINKING 3 puce potions.
  4293 | Sewer    | Gained mutation: You are partially covered in iridescent
                  | scales. (AC +2) [potion of mutation]
  4293 | Sewer    | Gained mutation: You are mostly covered in iridescent
                  | scales. (AC +4) [potion of mutation]
  4293 | Sewer    | Gained mutation: You are agile. (Dex +4, Str/Int -1)
                  | [potion of mutation]
  4294 | Sewer    | 4294 ||| DROPPING potion of invisibility.
  4310 | D:5      | 4310 ||| PLANNING D:1-11
  4360 | D:6      | 4360 ||| INVOKING Heroism.
  4369 | D:6      | Reached XP level 8. HP: 37/48 MP: 8/11
  4373 | D:6      | Reached skill level 7 in Axes
  4465 | D:6      | 4465 ||| Stepping ~*~*~tactically~*~*~ (stealth).
  4467 | D:6      | 4467 ||| Stepping ~*~*~tactically~*~*~ (stealth).
  4489 | D:6      | 4489 ||| Stepping ~*~*~tactically~*~*~ (stealth).
  4490 | D:6      | 4490 ||| Stepping ~*~*~tactically~*~*~ (stealth).
  4491 | D:6      | 4491 ||| Stepping ~*~*~tactically~*~*~ (stealth).
  4492 | D:6      | 4492 ||| Stepping ~*~*~tactically~*~*~ (stealth).
  4493 | D:6      | 4493 ||| Stepping ~*~*~tactically~*~*~ (stealth).
  4499 | D:6      | 4499 ||| INVOKING Heroism.
  4501 | D:6      | 4501 ||| Stepping ~*~*~tactically~*~*~ (stealth).
  4502 | D:6      | 4502 ||| DROPPING +0 mace.
  4555 | D:6      | 4555 ||| Stepping ~*~*~tactically~*~*~ (stealth).
  4560 | D:6      | 4560 ||| INVOKING Heroism.
  4800 | D:6      | 4800 ||| INVOKING Heroism.
  4801 | D:6      | 4801 ||| Stepping ~*~*~tactically~*~*~ (stealth).
  4815 | D:6      | 4815 ||| INVOKING Heroism.
  4829 | D:6      | Reached skill level 8 in Axes
  4877 | D:6      | 4877 ||| Stepping ~*~*~tactically~*~*~ (hiding).
  4882 | D:6      | 4882 ||| Stepping ~*~*~tactically~*~*~ (hiding).
  4884 | D:6      | 4884 ||| INVOKING Heroism.
  4902 | D:6      | Reached skill level 6 in Fighting
  5148 | D:6      | Found a basalt altar of Yredelemnul.
  5148 | D:6      | Found a hide-covered altar of Uskayaw.
  5402 | D:6      | 5402 ||| Stepping ~*~*~tactically~*~*~ (stealth).
  5403 | D:6      | Found Dexos's Antique Weapon Shop.
  5404 | D:6      | 5404 ||| Stepping ~*~*~tactically~*~*~ (hiding).
  5407 | D:6      | 5407 ||| Stepping ~*~*~tactically~*~*~ (hiding).
  5410 | D:6      | 5410 ||| Stepping ~*~*~tactically~*~*~ (hiding).
  5411 | D:6      | 5411 ||| INVOKING Heroism.
  5431 | D:6      | 5431 ||| INVOKING Heroism.
  5434 | D:6      | Reached XP level 9. HP: 23/55 MP: 9/12
  5556 | D:6      | 5556 ||| SHOPLISTING masterwork flail (289 gold, have 247).
  5556 | D:6      | 5556 ||| BUYING runed mace (204 gold).
  5556 | D:6      | Bought a runed mace for 204 gold pieces
  5556 | D:6      | 5556 ||| DROPPING +2 antimagic mace.
  5580 | D:6      | 5580 ||| UPGRADING to +6 ring of strength.
  5581 | D:6      | 5581 ||| READING scroll labelled RACWIVA ELLU.
  5581 | D:6      | Identified a scroll of acquirement
  5581 | D:6      | 5581 ||| ACQUIRING +1 hat "Jinwim" {rPois Str+5 Int-5
                  | Stlth+}
  5581 | D:6      | Acquired the +1 hat "Jinwim" {rPois Str+5 Int-5 Stlth+}
  5583 | D:6      | 5583 ||| UPGRADING to +1 hat "Jinwim" {rPois Str+5 Int-5
                  | Stlth+}.
  5676 | D:7      | Reached *** piety under Okawaru
  5691 | D:7      | Reached skill level 9 in Axes
  5691 | D:7      | Identified the +3 scale mail "Giruph" {rElec Int+4 Slay+3}
  5776 | D:7      | 5776 ||| Stepping ~*~*~tactically~*~*~ (stealth).
  5777 | D:7      | 5777 ||| Stepping ~*~*~tactically~*~*~ (stealth).
  5779 | D:7      | 5779 ||| Stepping ~*~*~tactically~*~*~ (stealth).
  5802 | D:7      | 5802 ||| INVOKING Heroism.
  5836 | D:7      | 5836 ||| DROPPING +0 flail.
  5886 | D:7      | 5886 ||| Stepping ~*~*~tactically~*~*~ (stealth).
  5887 | D:7      | 5887 ||| Stepping ~*~*~tactically~*~*~ (stealth).
  5931 | D:7      | Found an opulent altar of Gozag.
  5950 | D:7      | 5950 ||| INVOKING Heroism.
  6073 | D:7      | Found a burning altar of Makhleb.
  6108 | D:7      | 6108 ||| INVOKING Heroism.
  6117 | D:7      | 6117 ||| Stepping ~*~*~tactically~*~*~ (stealth).
  6125 | D:7      | 6125 ||| Stepping ~*~*~tactically~*~*~ (stealth).
  6127 | D:7      | 6127 ||| Stepping ~*~*~tactically~*~*~ (stealth).
  6129 | D:7      | 6129 ||| Stepping ~*~*~tactically~*~*~ (stealth).
  6131 | D:7      | 6131 ||| Stepping ~*~*~tactically~*~*~ (stealth).
  6133 | D:7      | 6133 ||| Stepping ~*~*~tactically~*~*~ (stealth).
  6153 | D:7      | 6153 ||| Stepping ~*~*~tactically~*~*~ (stealth).
  6155 | D:7      | 6155 ||| Stepping ~*~*~tactically~*~*~ (stealth).
  6160 | D:7      | 6160 ||| Stepping ~*~*~tactically~*~*~ (stealth).
  6322 | D:7      | 6322 ||| UPGRADING to +3 scale mail "Giruph" {rElec Int+4
                  | Slay+3}.
  6332 | D:7      | 6332 ||| DROPPING +0 scale mail.
  6333 | D:7      | 6333 ||| READING scroll labelled JOVAFE MEORPH.
  6334 | D:7      | 6334 ||| READING 9 scrolls of identify.
  6334 | D:7      | 6334 ||| IDENTIFYING pink potion
  6335 | D:7      | 6335 ||| READING 8 scrolls of identify.
  6335 | D:7      | 6335 ||| IDENTIFYING glowing yellow potion
  6374 | D:8      | 6374 ||| INVOKING Heroism.
  6450 | D:8      | Found a hazy altar of Hepliaklqana.
  6524 | D:8      | Received a gift from Okawaru
  6630 | D:8      | Noticed a two-headed ogre
  6631 | D:8      | 6631 ||| INVOKING Heroism.
  6639 | D:8      | Killed a two-headed ogre
  7081 | D:8      | 7081 ||| READING 2 scrolls labelled PEOPUX RIRCH.
  7082 | D:8      | 7082 ||| READING scroll labelled BEJOSE ESEMEE.
  7087 | D:8      | 7087 ||| READING scroll labelled ISYPPU CUGEO.
  7088 | D:8      | 7088 ||| DROPPING scroll of noise.
  7129 | D:9      | Noticed a troll
  7130 | D:9      | 7130 ||| INVOKING Heroism.
  7132 | D:9      | Killed a troll
  7133 | D:9      | Reached XP level 10. HP: 63/63 MP: 10/13
  7307 | D:9      | Noticed a two-headed ogre
  7308 | D:9      | 7308 ||| INVOKING Heroism.
  7322 | D:9      | Killed a two-headed ogre
  7322 | D:9      | Reached **** piety under Okawaru
  7323 | D:9      | Reached skill level 10 in Axes
  7329 | D:9      | Noticed a two-headed ogre
  7333 | D:9      | 7333 ||| INVOKING Heroism.
  7343 | D:9      | Killed a two-headed ogre
  7353 | D:9      | Noticed a manticore
  7355 | D:9      | 7355 ||| INVOKING Heroism.
  7364 | D:9      | Killed a manticore
  7792 | D:9      | 7792 ||| INVOKING Heroism.
  7798 | D:9      | Received a gift from Okawaru
  7799 | D:9      | Reached skill level 6 in Invocations
  7887 | D:9      | 7887 ||| Stepping ~*~*~tactically~*~*~ (hiding).
  7888 | D:9      | 7888 ||| Stepping ~*~*~tactically~*~*~ (stealth).
  7901 | D:9      | 7901 ||| FLEEEEING.
  7902 | D:9      | 7902 ||| FLEEEEING.
  7903 | D:9      | 7903 ||| FLEEEEING.
  7904 | D:9      | 7904 ||| FLEEEEING.
  7905 | D:9      | 7905 ||| FLEEEEING.
  7906 | D:9      | 7906 ||| FLEEEEING.
  7912 | D:9      | 7912 ||| FLEEEEING.
  7913 | D:9      | 7913 ||| FLEEEEING.
  7914 | D:9      | 7914 ||| FLEEEEING.
  7961 | D:9      | Found Gollomp's CLEARANCE SALE!.
  7968 | D:9      | 7968 ||| BUYING 2 potions of curing (18 gold).
  7968 | D:9      | Bought 2 potions of curing for 18 gold pieces
  8062 | D:10     | Entered Level 10 of the Dungeon
  8106 | D:10     | Noticed Josephine
  8109 | D:10     | 8109 ||| FLEEEEING.
  8110 | D:10     | 8110 ||| FLEEEEING.
  8111 | D:10     | 8111 ||| FLEEEEING.
  8112 | D:10     | 8112 ||| FLEEEEING.
  8113 | D:10     | 8113 ||| FLEEEEING.
  8116 | D:10     | 8116 ||| INVOKING Heroism.
  8125 | D:10     | Killed Josephine
  8125 | D:10     | Reached ***** piety under Okawaru
  8143 | D:10     | Reached XP level 11. HP: 55/68 MP: 16/16
  8153 | D:10     | Reached skill level 11 in Axes
  8153 | D:10     | Received a gift from Okawaru
  8231 | D:10     | 8231 ||| READING 2 scrolls of enchant weapon.
  8231 | D:10     | 8231 ||| ENCHANTING +1 war axe.
  8232 | D:10     | 8232 ||| READING scroll of enchant weapon.
  8232 | D:10     | 8232 ||| ENCHANTING +2 war axe.
  8234 | D:10     | 8234 ||| Stepping ~*~*~tactically~*~*~ (hiding).
  8336 | D:10     | 8336 ||| Stepping ~*~*~tactically~*~*~ (hiding).
  8438 | D:10     | 8438 ||| Stepping ~*~*~tactically~*~*~ (hiding).
  8540 | D:10     | 8540 ||| Stepping ~*~*~tactically~*~*~ (hiding).
  8701 | D:10     | 8701 ||| INVOKING Heroism.
  8719 | D:10     | Reached skill level 3 in Dodging
  8732 | D:10     | 8732 ||| INVOKING Heroism.
  8815 | D:10     | You fall into a shaft and drop 3 floors!
  8832 | D:13     | 8832 ||| READING scroll of enchant weapon.
  8832 | D:13     | 8832 ||| ENCHANTING +3 war axe.
  8835 | D:13     | Noticed Azrael
  8836 | D:13     | 8836 ||| INVOKING Heroism.
  8836 | D:13     | Noticed Maurice
  8837 | D:13     | 8837 ||| INVOKING Finesse.
  8855 | D:13     | Noticed a sixfirhy
  8855 | D:13     | Noticed a sixfirhy
  8865 | D:13     | Killed a sixfirhy
  8866 | D:13     | Reached skill level 9 in Invocations
  8867 | D:13     | Noticed a green ugly thing
  8868 | D:13     | Killed a sixfirhy
  8868 | D:13     | Received a gift from Okawaru
  8869 | D:13     | Reached skill level 9 in Fighting
  8871 | D:13     | Noticed a soul eater
  8874 | D:13     | Killed Azrael
  8874 | D:13     | Reached ****** piety under Okawaru
  8874 | D:13     | Received a gift from Okawaru
  8875 | D:13     | 8875 ||| Stepping ~*~*~tactically~*~*~ (hiding).
  8877 | D:13     | Noticed a centaur warrior
  8890 | D:13     | Killed a green ugly thing
  8894 | D:13     | HP: 11/71 [ice devil (10)]
  8894 | D:13     | Mangled by an ice devil

Levels and vault maps discovered:
D:1:      dpeg_arrival_rooms_c, layout_rooms, serial_bayou,
          serial_bayou_crossing, serial_bayou_pond_d, serial_bayou_pond_a,
          serial_bayou_pond_c, serial_bayou_pond_a, serial_bayou_shore_b
D:2:      layout_basic, hellmonk_ecumenical_altar_inner_sanctum,
          minmay_box_of_dots
D:3:      layout_loops_ring, mainiacjoe_overflow_alcove_2, minivault_4
D:4:      layout_basic, mainiacjoe_overflow_24_doors,
          minmay_temple_entry_mini_moons
D:5:      layout_rooms, lemuel_round_altar, gup_sewer_entry_bubbles
D:6:      layout_loops_corners, gammafunk_temple_overflow_elements,
          serial_shops, nicolae_lakefront_shop, grunt_decor_one_mirror
D:7:      layout_basic, mainiacjoe_overflow_paths,
          lemuel_coloured_pillars_altar, ebering_dispersal_statue_hall
D:8:      layout_loops_ring, nicolae_hepliaklqana_hazy_memory
D:9:      layout_grid_maze, minmay_misc_feat_hallway, nicolae_shop_clearance
D:10:     layout_basic, kennysheep_little_box, nicolae_titane, uniq_josephine
D:13:     layout_cave_pools, erik_vaults_1, serial_demonic, serial_demonic_a,
          serial_demonic_d, serial_demonic_c, serial_demonic_e,
          serial_demonic_g, serial_demonic_d, kennysheep_cross_room,
          hangedman_cracks_in_the_wall, uniq_maurice, uniq_azrael, uniq_nessos
Temple:   cyrus_circular_temple

Skill      XL: |  1  2  3  4  5  6  7  8  9 10 11 |
---------------+----------------------------------+-----
Axes           | 2 3 5 6 8 9 10 11 | 11.4
Fighting       | 4 6 7 8 9 |  9.0
Dodging        | 1 2 3 |  3.0
Invocations    | 1 4 7 10 | 10.0
Shields        | 4 5 |  5.1
Throwing       | 4 |  4.1
Armour         | 4 |  4.1

Action                   |  1- 3 |  4- 6 |  7- 9 | 10-12 || total
-------------------------+-------+-------+-------+-------++-------
Melee: War axe           |   122 |    95 |   315 |   167 ||   699
Throw: Boomerang         |       |       |     6 |    20 ||    26
       Javelin           |       |       |       |     7 ||     7
Invok: Heroism           |       |     1 |    19 |     8 ||    28
       Finesse           |       |       |       |     1 ||     1
  Use: Scroll            |     8 |     3 |     9 |     3 ||    23
       Potion            |     1 |     2 |     3 |       ||     6
Armor: Scale mail        |    63 |    58 |    80 |    65 ||   266
Dodge: Dodged            |    50 |    42 |    77 |    56 ||   225
Block: Buckler           |    25 |    51 |   132 |    57 ||   265
       Reflection        |       |       |     7 |     8 ||    15

Table legend:
 A = Non-vault XP
 B = Vault XP
 C = Vault XP percentage of total XP
 D = Non-vault monster count
 E = Vault monster count
 F = Vault count percentage of total count
                 A         B        C        D         E       F
            +---------+---------+-------+---------+---------+-------
      Total |   10357 |    6808 |  39.7 |     181 |      66 |  26.7
            +---------+---------+-------+---------+---------+-------
        D:1 |      30 |       0 |   0.0 |      18 |       0 |   0.0
        D:2 |      21 |      20 |  48.8 |      13 |       4 |  23.5
        D:3 |      12 |       0 |   0.0 |       7 |       0 |   0.0
        D:4 |     289 |       0 |   0.0 |      20 |       0 |   0.0
        D:5 |     582 |      14 |   2.3 |      16 |       6 |  27.3
        D:6 |    1241 |       0 |   0.0 |      28 |       0 |   0.0
        D:7 |     995 |       0 |   0.0 |      20 |       0 |   0.0
        D:8 |    1267 |       0 |   0.0 |      13 |       0 |   0.0
        D:9 |    3359 |       0 |   0.0 |      23 |       0 |   0.0
       D:10 |    1549 |    1984 |  56.2 |      20 |       6 |  23.1
       D:13 |    1012 |    4643 |  82.1 |       3 |      12 |  80.0
      Sewer |       0 |     147 | 100.0 |       0 |      38 | 100.0
            +---------+---------+-------+---------+---------+-------
